 Dungeon Sprint DCSS version 0.27-a0-1139-g28e009f8a6 (console) character file.

Game seed: 10245133563788504354

1421 Morrissey the Geomancer (level 8, -2/41 HPs)
             Began as a Gargoyle Earth Elementalist on May 8, 2021.
             Was a Follower of Vehumet.
             Slain by a death knight
             ... wielding a +3 glaive
              (16 damage)
             ... in the Dungeon (Sprint IX: "|||||||||||||||||||||||||||||").
             The game lasted 00:03:47 (633 turns).

Morrissey the Geomancer (GrEE)                       Turns: 633, Time: 00:03:48

Health: -2/41      AC: 10    Str: 11    XL:     8   Next: 72%
Magic:  18/21      EV: 12    Int: 19    God:    Vehumet [*.....]
Gold:   0          SH:  0    Dex: 13    Spells: 17/26 levels left

rFire    . . .     SeeInvis .   a - +2 dire flail (vorpal)
rCold    . . .     Faith    .   (shield currently unavailable)
rNeg     + . .     Spirit   .   c - +0 robe
rPois    ∞         Reflect  .   (no helmet)
rElec    +         Harm     .   (no cloak)
rCorr    .         Rampage  .   (no gloves)
Will     .....     NoTele   +   m - +0 pair of boots
Stlth    ++........             (no amulet)
HPRegen  0.13/turn              n - +2 ring of protection
MPRegen  0.17/turn              o - +3 ring of dexterity

@: no status effects
A: sickness immunity, AC +5, negative energy resistance 1, electricity
resistance, torment resistance 1, unbreathing 1, petrification resistance
a: Renounce Religion


You were in the Dungeon.
You worshipped Vehumet.
Vehumet was aware of your devotion.
You visited 1 branch

Inventory:

Hand Weapons
 a - a +2 vorpal dire flail (weapon)
Missiles
 b - 2 stones
Armour
 c - a +0 robe (worn)
 m - a +0 pair of boots (worn)
Jewellery
 n - a +2 ring of protection (left hand)
 o - a +3 ring of dexterity (right hand)
Wands
 k - a wand of iceblast (10)
Scrolls
 i - 2 scrolls of blinking
 j - 2 scrolls of amnesia
Potions
 e - 4 potions of curing
 f - a potion of haste
 g - 2 potions of magic
 h - a potion of berserk rage
 l - a potion of invisibility


   Skills:
 * Level 0.0 Fighting
 + Level 0.0 Armour
 - Level 1.5 Dodging
 - Level 2.1 Stealth
 - Level 9.6 Spellcasting
 - Level 10.7 Conjurations
 - Level 0.7 Transmutations
 + Level 14.5 Earth Magic


You had 17 spell levels left.
You knew the following spells:

 Your Spells              Type           Power      Damage    Failure   Level
a - Sandblast             Erth           100%       2d20      1%          1
b - Stone Arrow           Conj/Erth      100%       3d13      1%          3
c - Lee's Rapid Deconstr  Erth           29%        3d16*     1%          5

Your spell library contained the following spells:

 Spells                   Type           Power      Damage    Failure   Level
 Magic Dart               Conj           100%       1d8       1%          1
 Passwall                 Tmut/Erth      31%        N/A       1%          2
 Petrify                  Tmut/Erth      38%        N/A       3%          4


Dungeon Overview and Level Annotations

Branches:
Dungeon (1/1)

Altars:
Cheibriados
Dithmenos
Elyvilon
Fedhas
Gozag
Hepliaklqana
Kikubaaqudgha
Makhleb
Nemelex Xobeh
Okawaru
Qazlal
Ru
Sif Muna
Trog
Uskayaw
Vehumet
Wu Jian
Xom
Yredelemnul
Zin
The Shining One
Beogh
Jiyva
Lugonu


Innate Abilities, Weirdness & Mutations

You are immune to sickness and miasma.
Your stone body is resilient. (AC +5)
You are immune to poison.
You resist negative energy. (rN+)
You are resistant to electric shocks. (rElec)
You are resistant to unholy torment.
You can survive without breathing.
You are immune to petrification.


Message History

* * * LOW MAGIC WARNING * * *
You start resting.
Magic restored.
You start resting.
HP restored.
Okay, then.
There is an open door to the Dungeon here.
Things that are here:
a +0 dagger; a +0 robe; an orc skeleton
Items here: ( ))) ÷.
You see here a +0 morningstar.
As you open the door, it creaks loudly!
A hydra, a slime creature, a death knight, a troll, a cyclops and a skeletal warrior come into view.
The death knight is wielding a +3 glaive and wearing a +2 plate armour of cold resistance.
The slime creature quivers.
The death knight shouts!
The seven-headed hydra roars!
The cyclops shouts!
The troll shouts!
The death knight hits you from afar with a +3 glaive!!
Ouch! That really hurt!
* * * LOW HITPOINT WARNING * * *
Casting: Sandblast (safe; 1% risk of failure)
Confirm with . or Enter, or press ? or * to list all spells.
Aiming: Lee's Rapid Deconstruction (dangerous; 1% risk of failure)
Press: ? - help, Dir - move target, f - troll Fragment what (e.g. wall or brittle monster)?: a troll You cannot affect that.
Okay, then.
Unknown command.
Casting: Lee's Rapid Deconstruction (dangerous; 1% risk of failure)
Confirm with . or Enter, or press ? or * to list all spells.
Okay, then.
Casting: Lee's Rapid Deconstruction (dangerous; 1% risk of failure)
Confirm with . or Enter, or press ? or * to list all spells.
Aiming: Stone Arrow (safe; 1% risk of failure)
Press: ? - help, Shift-Dir - straight line, f - seven-headed hydra
Aim: a seven-headed hydra (92% to hit)
The stone arrow hits the death knight!
The death knight is lightly wounded.
The death knight hits you from afar with a +3 glaive!
You die...

▓.▓
▓.▓
▓)▓
▓)▓
▓.▓
▓)▓
▓.▓
▓.▓
▓@▓
▓'▓
▓p▓
▓D▓
▓C▓
▓T▓
▓z▓
▓J▓


You could see a death knight, a seven-headed hydra, a skeletal warrior, a slime
creature, a cyclops and a troll.

Vanquished Creatures
  A two-headed ogre (D)
  A gargoyle (D)
  A water moccasin (D)
  A phantom (D)
  A kobold brigand (D)
  A scorpion (D)
  An iguana (D)
  An orc wizard (D)
  A gnoll (D)
  An ufetubus (D)
  An endoplasm (D)
  A giant cockroach (D)
  A goblin (D)
  A quokka zombie (D)
  A rat (D)
15 creatures vanquished.

Vanquished Creatures (others)
  An unseen horror (D)
1 creature vanquished.

Grand Total: 16 creatures vanquished

Notes
Turn   | Place    | Note
-------+----------+-------------------------------------------
     0 | D        | Morrissey the Gargoyle Earth Elementalist began the quest
                  | for the Orb.
     0 | D        | Reached XP level 1. HP: 10/10 MP: 3/3
     6 | D        | Reached skill level 5 in Earth Magic
     6 | D        | Reached XP level 2. HP: 15/15 MP: 1/5
    30 | D        | Reached skill level 6 in Earth Magic
    90 | D        | Noticed a phantom
    90 | D        | Noticed a scorpion
    90 | D        | Noticed a water moccasin
   102 | D        | Reached skill level 7 in Earth Magic
   102 | D        | Reached XP level 3. HP: 12/19 MP: 2/8
   106 | D        | Killed a phantom
   107 | D        | Reached skill level 5 in Spellcasting
   107 | D        | Reached skill level 10 in Earth Magic
   107 | D        | Reached XP level 4. HP: 13/24 MP: 8/11
   107 | D        | Reached XP level 5. HP: 16/28 MP: 8/12
   114 | D        | Reached skill level 11 in Earth Magic
   114 | D        | Killed a water moccasin
   115 | D        | Reached skill level 12 in Earth Magic
   115 | D        | Reached XP level 6. HP: 11/32 MP: 1/16
   121 | D        | Learned a level 5 spell: Lee's Rapid Deconstruction
   125 | D        | Learned a level 3 spell: Stone Arrow
   326 | D        | Found a snail-covered altar of Cheibriados.
   326 | D        | Found a shadowy altar of Dithmenos.
   326 | D        | Found a white marble altar of Elyvilon.
   326 | D        | Found a blossoming altar of Fedhas.
   326 | D        | Found an opulent altar of Gozag.
   327 | D        | Found a hazy altar of Hepliaklqana.
   328 | D        | Found a viscous altar of Jiyva.
   329 | D        | Found an ancient bone altar of Kikubaaqudgha.
   330 | D        | Found a corrupted altar of Lugonu.
   331 | D        | Found a burning altar of Makhleb.
   332 | D        | Found a sparkling altar of Nemelex Xobeh.
   333 | D        | Found an iron altar of Okawaru.
   334 | D        | Found a stormy altar of Qazlal.
   335 | D        | Found a sacrificial altar of Ru.
   336 | D        | Found a shimmering blue altar of Sif Muna.
   337 | D        | Found a bloodstained altar of Trog.
   338 | D        | Found a hide-covered altar of Uskayaw.
   339 | D        | Found a radiant altar of Vehumet.
   340 | D        | Found an ornate altar of the Wu Jian Council.
   347 | D        | Found a shimmering altar of Xom.
   348 | D        | Found a basalt altar of Yredelemnul.
   349 | D        | Found a glowing silver altar of Zin.
   350 | D        | Found a glowing golden altar of the Shining One.
   353 | D        | Became a worshipper of Vehumet
   385 | D        | Noticed a two-headed ogre
   385 | D        | Noticed a gargoyle
   390 | D        | HP: 1/32 [something (5)]
   397 | D        | Killed a two-headed ogre
   397 | D        | Reached * piety under Vehumet
   397 | D        | Offered knowledge of Magic Dart by Vehumet.
   397 | D        | Killed an unseen horror
   398 | D        | Reached skill level 14 in Earth Magic
   398 | D        | Reached XP level 7. HP: 13/36 MP: 13/19
   398 | D        | Reached XP level 8. HP: 14/41 MP: 14/21
   399 | D        | Killed a gargoyle
   400 | D        | Reached skill level 10 in Conjurations
   632 | D        | Noticed a death knight
   632 | D        | Noticed a seven-headed hydra
   632 | D        | Noticed a cyclops
   632 | D        | Noticed a troll
   632 | D        | Noticed a skeletal warrior
   632 | D        | Noticed a slime creature
   633 | D        | Slain by a death knight

Illustrated notes

Levels and vault maps discovered:
D:        linesprint [early_d, line_temple, items_1, d_10, items_2, lair_1,
          lair_end, items_3, orc_1, orc_end, items_4, d_15, swamp_1, shoals_1,
          snake_1, spider_1, d_20, vaults_1, items_5, swamp_end, shoals_end,
          snake_end, spider_end, vaults_end, d_27, items_6, zot_1, zot_end,
          crypt_end, forest_end, elf_end, slime_end, tomb_end, abyss_end,
          pan_hell_end]

Skill      XL: |  1  2  3  4  5  6  7  8 |
---------------+-------------------------+-----
Earth Magic    | 5 7 10 12 14 | 14.5
Spellcasting   | 3 5 7 9 |  9.6
Conjurations   | 9 10 | 10.7
Dodging        | |  1.5
Stealth        | |  2.1
Transmutations | |  0.7

Action                   |  1- 3 |  4- 6 |  7- 9 || total
-------------------------+-------+-------+-------++-------
Melee: Unarmed           |    20 |       |       ||    20
       Dire flail        |       |       |     1 ||     1
 Cast: Sandblast         |    13 |    12 |     3 ||    28
       Stone Arrow       |       |     5 |     3 ||     8
       Lee's Rapid Decon |       |       |     1 ||     1
  Use: Potion            |     3 |     3 |       ||     6
Armor: Robe              |     9 |     8 |     3 ||    20
Dodge: Dodged            |    17 |     4 |     1 ||    22

Table legend: (Time is in decaauts)
 A = Elapsed time spent in this place.
 B = Non-inter-level travel time spent in this place.
 C = Inter-level travel time spent in this place.
 D = Time resting spent in this place.
 E = Time spent auto-exploring this place.
 F = Levels seen in this place.
 G = Mean time per level.
                   A        B        C        D        E       F      G
               +--------+--------+--------+--------+--------+-----+--------+
         Total |    631 |    631 |      0 |    464 |      0 |   1 |  631.0 |
       Dungeon |    631 |    631 |      0 |    464 |      0 |   1 |  631.0 |
               +--------+--------+--------+--------+--------+-----+--------+

Top non-repeatable levels by time:
       D: 631 daAuts
